Map: Pylon LE

Players

SubN

  • Race: Zerg Zerg
  • League: Diamond
  • Spawn Location: 5:00

pun - Winner!

  • Race: Protoss Protoss
  • League: Diamond
  • Spawn Location: 11:00

VOD

Have the link to the VOD?

Description

Time

  • Played on: July 22, 2025, 3:23 p.m.
  • Length: 12:24
Show
View Real Time Build Order
Export as new Build Order

SubN Zerg 

Build Orders: Pool First 

Get SALT Encoding   

  12  0:00  Drone  
  13  0:12  Overlord  
  13  0:16  Drone  
  14  0:30  Drone x2  
  16  0:40  Spawning Pool  
  15  0:44  Drone  
  15  0:48  Drone  
  17  0:50  Extractor  
  17  0:55  Drone  
  17  1:15  Hatchery  
  16  1:28  Zergling x2  
  16  1:29  Zergling x4  
  19  1:47  Queen  
  19  1:51  Overlord  
  21  1:57  Metabolic Boost  
  21  2:05  Overlord  
  21  2:10  Drone  
  22  2:20  Drone  
  23  2:24  Drone  
  23  2:29  Drone  
  25  2:42  Queen  
  26  2:47  Queen  
  26  2:49  Extractor  
  28  2:51  Drone  
  28  2:52  Drone x2  
  28  2:53  Drone  
  31  3:13  Drone x4  
  35  3:21  Queen  
  35  3:24  Drone x3  
  40  3:32  Lair  
  40  3:41  Roach Warren  
  39  3:52  Drone x5  
  44  4:16  Overlord x4  
  44  4:30  Glial Reconstitution  
  44  4:34  Queen  
  44  4:37  Spine Crawler, Roach x5  
  55  4:51  Roach x5  
  65  4:59  Ravager, Extractor  
  65  5:00  Ravager  
  65  5:03  Drone x3  
  65  5:06  Drone x4  
  73  5:17  Drone x2  
  75  5:24  Ravager  
  75  5:26  Overlord x3  
  76  5:46  Zergling x8  
  76  5:47  Zergling x10  
  68  6:19  Roach x10  
  88  6:27  Roach  
  90  6:34  Overlord x4  
  83  6:58  Roach x3  
  83  6:59  Roach x4  
  68  7:40  Drone x4  
  72  7:44  Drone  
  72  7:45  Extractor  
  72  7:47  Drone, Hatchery  
  72  7:50  Baneling Nest, Drone x2  
  73  7:53  Hydralisk Den  
  73  7:54  Drone x3  
  73  7:55  Evolution Chamber  
  74  7:59  Ravager  
  74  8:00  Ravager x6  
  74  8:03  Overlord x3  
  81  8:10  Spore Crawler  
  80  8:15  Infestation Pit  
  80  8:19  Overlord x2  
  79  8:20  Spore Crawler  
  79  8:22  Zerg Missile Weapons Level 1  
  78  8:28  Hydralisk  
  78  8:29  Hydralisk x4  
  78  8:30  Evolution Chamber  
  78  8:33  Zergling x2  
  88  8:39  Overlord  
  88  8:40  Overlord  
  88  8:46  Hydralisk  
  88  8:47  Hydralisk x3  
  96  8:55  Grooved Spines  
  96  9:03  Overseer  
  94  9:17  Zerg Ground Armor Level 1  
  94  9:19  Zergling x2  
  94  9:20  Zergling x24  
  94  9:23  Centrifugal Hooks  
  107  9:30  Queen  
  109  9:32  Extractor  
  109  9:33  Extractor  
  107  9:39  Zergling x2  
  107  9:40  Zergling x10  
  113  9:45  Baneling  
  113  9:46  Baneling x10  
  113  9:59  Muscular Augments  
  113  10:01  Zergling x2  
  113  10:02  Zergling x14  
  68  10:28  Hydralisk  
  68  10:29  Hydralisk x6  
  68  10:34  Drone x2  
  68  10:35  Drone  
  82  10:36  Zergling x8  
  82  10:39  Baneling x4  
  82  10:40  Baneling  
  79  11:02  Hydralisk x5  
  83  11:12  Baneling x4  
  83  11:13  Baneling  
  83  11:14  Zergling x18  
  91  11:36  Drone x3  
  91  11:38  Drone  
  95  11:49  Drone x3  
  95  11:50  Extractor  
  95  11:51  Hatchery  
  96  11:55  Extractor  
Show
View Real Time Build Order
Export as new Build Order

pun Protoss - Winner!

Build Orders: 1 Gate Expand 

Get SALT Encoding   

  12  0:02  Probe  
  13  0:14  Probe  
  14  0:22  Pylon  
  14  0:26  Probe  
  15  0:36  Probe  
  16  0:44  Probe  
  16  0:46  Gateway  
  17  0:54  Probe  
  18  1:02  Probe  
  19  1:13  Probe  
  20  1:26  Nexus  
  20  1:36  Cybernetics Core  
  20  1:39  Forge  
  20  1:44  Zealot  
  22  1:53  Pylon  
  22  1:58  Assimilator  
  22  2:01  Assimilator  
  22  2:07  Probe  
  23  2:11  Zealot  
  25  2:26  Photon Cannon  
  25  2:28  Shield Battery  
  25  2:32  Pylon  
  25  2:44  Cybernetics Core  
  25  2:48  Probe x2  
  27  2:53  Photon Cannon  
  27  2:57  Gateway  
  27  3:00  Probe  
  28  3:06  Probe  
  28  3:09  Warp Gate  
  29  3:13  Probe  
  29  3:18  Gateway, Probe  
  31  3:22  Adept  
  33  3:27  Probe  
  33  3:32  Probe  
  35  3:43  Gateway  
  34  3:51  Probe  
  34  3:54  Robotics Facility  
  35  4:03  Probe  
  35  4:05  Probe  
  35  4:07  Gateway  
  37  4:13  Probe  
  37  4:15  Probe  
  39  4:21  Probe  
  39  4:23  Stargate  
  39  4:27  Probe  
  41  4:33  Probe  
  41  4:38  Assimilator  
  42  4:39  Probe  
  42  4:41  Observer  
  42  4:42  Pylon  
  44  4:45  Probe  
  44  4:52  Probe  
  46  4:54  Pylon  
  46  5:00  Probe  
  46  5:04  Observer  
  46  5:05  Void Ray  
  48  5:14  Zealot x2  
  54  5:18  Assimilator  
  54  5:20  Probe  
  57  5:24  Pylon  
  57  5:30  Probe  
  58  5:35  Pylon, Probe  
  58  5:42  Sentry  
  61  5:43  Stalker x3  
  65  6:00  Stalker  
  61  6:07  Pylon  
  58  6:12  Probe  
  58  6:14  Pylon  
  61  6:23  Void Ray  
  61  6:26  Probe  
  62  6:36  Probe  
  62  6:39  Twilight Council  
  63  6:41  Gateway  
  63  6:43  Pylon, Zealot x4  
  63  6:44  Zealot  
  73  7:00  Pylon  
  73  7:04  Photon Cannon  
  73  7:06  Pylon  
  73  7:07  Shield Battery  
  73  7:10  Gateway  
  73  7:12  Gateway  
  71  7:16  Charge  
  71  7:20  Stalker x4  
  71  7:22  Void Ray  
  63  7:40  Stalker  
  63  7:42  Protoss Ground Weapons Level 1  
  66  7:44  Probe  
  66  7:49  Shield Battery  
  66  7:54  Observer  
  66  7:59  Pylon, Zealot x4, Nexus  
  74  8:09  Phoenix  
  76  8:19  Stalker  
  78  8:20  Stalker x2  
  82  8:31  Stalker  
  82  8:32  Stalker  
  82  8:34  Zealot  
  88  8:51  Probe  
  89  8:55  Zealot x2  
  89  8:56  Zealot x3  
  95  9:14  Probe  
  95  9:15  Probe  
  95  9:16  Templar Archives  
  97  9:23  Zealot x4  
  105  9:35  Probe x2  
  107  9:39  Pylon  
  107  9:42  Psionic Storm  
  107  9:43  Observer  
  108  9:50  Probe  
  109  9:56  Gateway  
  109  9:57  High Templar x4  
  117  10:03  Assimilator x2  
  117  10:05  Observer  
  118  10:09  Archon  
  118  10:11  Archon  
  115  10:17  Stalker, Zealot x2  
  115  10:18  Zealot  
  85  10:34  Zealot x4  
  97  10:35  Void Ray  
  97  10:40  High Templar x2  
  97  10:41  High Templar  
  97  10:42  Probe  
  104  10:45  Probe  
  104  10:46  Probe  
  96  11:09  High Templar x3  
  96  11:10  Zealot x2  
  96  11:11  Zealot  
  100  11:18  Probe  
  100  11:19  Probe x2  
  100  11:22  Gateway  
  100  11:23  High Templar  
  100  11:24  Gateway  
  100  11:25  Gateway, Archon x3  
  105  11:29  Pylon  
  105  11:34  Zealot x4  
  105  11:38  High Templar  
  115  11:44  Warp Prism  
  115  11:45  Stalker x2, High Templar  
  121  11:51  Shield Battery  
  121  11:52  Shield Battery  
  123  12:02  Stalker x2  
  123  12:05  Probe  
  123  12:06  Probe  
  129  12:11  Zealot x2  
Tags
 
Add a new tag
Caveats
  • Supply blocks, unpowered buildings, or Contaminate may cause inaccurate times.
  • Supply counts are checked every 10 seconds.